 Dungeon Crawl Stone Soup version 0.30.0-29-ga12c61a403 (webtiles) character file.

Game seed: 13731900963739468024

242 qw the Chopper (level 6, -3/38 HPs)
             Began as a Gargoyle Fighter on June 5, 2023.
             Slain by Sigmund
             ... wielding a +2 scythe of protection
              (8 damage)
             ... on level 3 of the Dungeon.
             The game lasted 00:01:21 (2566 turns).

qw the Chopper (Gargoyle Fighter)                   Turns: 2566, Time: 00:01:21

Health: -3/38      AC: 11    Str: 22    XL:     6   Next: 9%
Magic:  6/6        EV:  9    Int:  8    God:
Gold:   121        SH:  4    Dex:  9    Spells: 5/5 levels left

rFire   . . .        Y - +2 war axe
rCold   . . .        c - +0 buckler
rNeg    + . .        b - +0 scale mail
rPois   inf          (no helmet)
rElec   +            (no cloak)
rCorr   .            (no gloves)
SInv    .            (no boots)
Will    .....        (no amulet) Stlth
                     (no ring)
HPRegen 0.26/turn    (no ring)
MPRegen 0.10/turn

%: no passive effects
@: no status effects
A: sickness immunity, AC +4, negative energy resistance 1, electricity
resistance, torment resistance 1, petrification resistance
a: no special abilities


You were on level 3 of the Dungeon.
You visited 1 branch of the dungeon, and saw 3 of its levels.

You collected 121 gold pieces.


Innate Abilities, Weirdness & Mutations

You are immune to sickness and miasma.
Your stone body is resilient. (AC +4)
You are immune to poison.
You resist negative energy. (rN+)
You are resistant to electric shocks. (rElec)
You are resistant to unholy torment.
You are immune to petrification.


   Skills:
 - Level 4.2 Fighting
 - Level 5.0 Axes
 - Level 3.2 Armour
 + Level 0.7 Dodging
 - Level 3.2 Shields


You had 5 spell levels left.
You didn't know any spells.
Your spell library was empty.

Inventory:

Hand Weapons
 h - a +2 heavy flail
 Y - a +2 war axe (weapon)
Armour
 b - a +0 scale mail (worn)
 c - a +0 buckler (worn)
Jewellery
 g - a ring of ice
Scrolls
 e - a scroll of enchant armour
 f - a scroll of identify
Potions
 a - a potion of magic
 d - a potion of might
 i - a potion of haste {unknown}
 l - a potion of heal wounds {unknown}
 m - a potion of curing

Dungeon Overview and Level Annotations

Branches:
Dungeon (3/15)

Altars:

Annotations:
D:3 Sigmund


Message History

Enter note:
Enter note:
Enter note:
Enter note:
Enter note:
Enter note:
Enter note:
Enter note:
Enter note:
Enter note: You barely miss something.
Something hits you.
You bump into the rock wall.
You barely miss something. Something hits you but does no damage.
You feel less confused.
You hear some strange, mumbled words.
A puff of flame appears from out of thin air!
The puff of flame misses you.
You closely miss something. Something hits you but does no damage.
You hit something but do no damage.
You hear some strange, mumbled words.
A magic dart appears from out of thin air!
The magic dart hits you!
You slash something! Something hits you!
You slash something! Something hits you but does no damage.
You hit something but do no damage. You closely miss something.
You hear some strange, mumbled words.
A puff of flame appears from out of thin air!
The puff of flame misses you. Something completely misses you.
You miss something. You hit something.
You hear some strange, mumbled words.
A puff of flame appears from out of thin air!
The puff of flame hits you. Something hits you!
You die...

#..##.....# #.........#.
#..##.....####.........#.
#......................#.
##.##########...#.#.....#.
#........####...#.#.....#.
########........#.#....##.
#######..#.........
#.......##########
###@####............
#..{.# #############
#....# #....# #....#
###.## #.# #.. ##


There were no monsters in sight!

Vanquished Creatures
  A scorpion (D:3)
  Jessica (D:2)
  4 gnolls (D:3)
  5 adders
  3 worms (D:2)
  3 dart slugs
  3 ball pythons
  A bat (D:2)
  A bat skeleton (D:2)
  5 endoplasms
  3 giant cockroaches
  7 goblins
  4 hobgoblins
  8 jackals
  4 quokkas
  A frilled lizard (D:2)
  6 kobolds
  4 rats
64 creatures vanquished.

Notes
Turn   | Place    | Note
-------+----------+-------------------------------------------
     0 | D:1      | qw the Gargoyle Fighter began the quest for the Orb.
     0 | D:1      | Reached XP level 1. HP: 14/14 MP: 1/1
     0 | D:1      | 0 ||| qw: Version: 0.2-a-108-gee2c290
     0 | D:1      | 0 ||| qw: Game counter: 1394
     0 | D:1      | 0 ||| qw: Always use a shield: true
     0 | D:1      | 0 ||| qw: God list: Okawaru
     0 | D:1      | 0 ||| qw: Allow faded altars: false
     0 | D:1      | 0 ||| qw: Do Orc after D:15 true
     0 | D:1      | 0 ||| qw: Do second Lair branch before Depths: true
     0 | D:1      | 0 ||| qw: Lair rune preference: random
     0 | D:1      | 0 ||| qw: Plans: Normal, Zot:1-4, Slime:5, God:TSO, Crypt,
                  | Tomb, Abyss, Pan, Hells, Win
     0 | D:1      | 0 ||| PLANNING D:1-11
    34 | D:1      | 34 ||| Stepping ~*~*~tactically~*~*~ (stealth).
    40 | D:1      | Reached skill level 2 in Axes
   236 | D:1      | 236 ||| Stepping ~*~*~tactically~*~*~ (hiding).
   244 | D:1      | Reached XP level 2. HP: 19/19 MP: 2/2
   414 | D:1      | 414 ||| Stepping ~*~*~tactically~*~*~ (stealth).
   420 | D:1      | 420 ||| Stepping ~*~*~tactically~*~*~ (stealth).
   487 | D:1      | Reached skill level 3 in Axes
   543 | D:1      | 543 ||| DROPPING +0 club.
   933 | D:1      | 933 ||| READING scroll labelled QACEOC VAYCVO.
   934 | D:1      | 934 ||| READING 2 scrolls labelled OGGEDDAKIN.
   935 | D:1      | 935 ||| READING scroll labelled MIFUMN LIFIUWO.
   936 | D:1      | 936 ||| READING scroll labelled GAGULUNGYU.
   937 | D:1      | 937 ||| READING scroll labelled ARRARU LUTIG.
   938 | D:1      | 938 ||| READING scroll labelled ONAUTE KO ILEG.
   979 | D:2      | Reached XP level 3. HP: 13/23 MP: 3/3
  1045 | D:2      | 1045 ||| Stepping ~*~*~tactically~*~*~ (stealth).
  1065 | D:2      | 1065 ||| READING scroll of enchant weapon.
  1065 | D:2      | 1065 ||| ENCHANTING +1 war axe.
  1237 | D:2      | Reached XP level 4. HP: 27/28 MP: 4/4
  1411 | D:2      | Reached skill level 4 in Axes
  1470 | D:2      | Noticed Jessica
  1477 | D:2      | Killed Jessica
  1500 | D:2      | 1500 ||| Stepping ~*~*~tactically~*~*~ (stealth).
  1502 | D:2      | 1502 ||| Stepping ~*~*~tactically~*~*~ (stealth).
  1688 | D:2      | 1688 ||| DRINKING 2 black potions.
  1689 | D:2      | 1689 ||| READING 2 scrolls of identify.
  1689 | D:2      | 1689 ||| IDENTIFYING bubbling puce potion
  1834 | D:3      | Reached XP level 5. HP: 25/32 MP: 5/5
  1903 | D:3      | 1903 ||| DROPPING +0 whip.
  1955 | D:3      | 1955 ||| Stepping ~*~*~tactically~*~*~ (hiding).
  2053 | D:3      | 2053 ||| Stepping ~*~*~tactically~*~*~ (stealth).
  2062 | D:3      | 2062 ||| Stepping ~*~*~tactically~*~*~ (stealth).
  2092 | D:3      | Reached skill level 5 in Axes
  2099 | D:3      | Reached XP level 6. HP: 27/38 MP: 6/6
  2108 | D:3      | 2108 ||| Stepping ~*~*~tactically~*~*~ (stealth).
  2246 | D:3      | 2246 ||| Stepping ~*~*~tactically~*~*~ (stealth).
  2247 | D:3      | 2247 ||| Stepping ~*~*~tactically~*~*~ (stealth).
  2542 | D:3      | Noticed Sigmund
  2561 | D:3      | HP: 5/38 [something (11)]
  2566 | D:3      | HP: 5/38 [something/puff of flame (2)]
  2566 | D:3      | Slain by Sigmund

Levels and vault maps discovered:
D:1:      dpeg_arrival_simpleton_b, layout_basic,
          nicolae_concentric_dashed_squares_mild
D:2:      layout_basic, serial_undead, serial_undead_f, serial_undead_d,
          serial_undead_e, serial_undead_b, serial_undead_f, serial_undead_b,
          kennysheep_another_room, uniq_jessica
D:3:      layout_basic, serial_shops, shop, ebering_ghost_rock_garden,
          minivault_26, nicolae_eternal_life, nicolae_elevator_lobby_plus,
          uniq_sigmund

Skill      XL: |  1  2  3  4  5 |
---------------+----------------+-----
Axes           | 2 3 4 5 |  5.0
Fighting       | 4 |  4.2
Armour         | |  3.2
Dodging        | |  0.7
Shields        | |  3.2

Action                     |  1- 3 |  4- 6 || total
---------------------------+-------+-------++-------
  Melee: War axe           |    83 |   117 ||   200
    Use: Scroll            |     7 |     1 ||     8
         Potion            |       |     1 ||     1
 Armour: Scale mail        |    45 |    46 ||    91
  Dodge: Dodged            |    47 |    47 ||    94
  Block: Buckler           |    13 |    18 ||    31

Table legend:
 A = Non-vault XP
 B = Vault XP
 C = Vault XP percentage of total XP
 D = Non-vault monster count
 E = Vault monster count
 F = Vault count percentage of total count
                 A         B        C        D         E       F
            +---------+---------+-------+---------+---------+-------
      Total |     308 |      39 |  11.2 |      62 |       2 |   3.1
            +---------+---------+-------+---------+---------+-------
        D:1 |      31 |       0 |   0.0 |      18 |       0 |   0.0
        D:2 |      80 |      39 |  32.8 |      27 |       2 |   6.9
        D:3 |     197 |       0 |   0.0 |      17 |       0 |   0.0
            +---------+---------+-------+---------+---------+-------
